Map: 大气2000-天梯版

Players

iGMacSed (MacSed)

  • Race: Protoss Protoss
  • League: Grandmaster

TIME (Oliveira) - Winner!

  • Race: Terran Terran
  • League: Grandmaster

Event: DreamHack SC2 Masters 2021 Fall

VOD

Have the link to the VOD?

Description

Time

  • Played on: Aug. 6, 2021, 7:57 a.m.
  • Length: 12:21

All games in this series

Show
View Real Time Build Order
Export as new Build Order

iGMacSed Protoss 

Build Orders: Phoenix Opening, Zealot Archon 

Get SALT Encoding   

  12  0:00  Probe  
  13  0:12  Probe  
  14  0:18  Pylon  
  14  0:24  Probe (Chrono Boost)  
  15  0:36  Gateway  
  15  0:38  Probe (Chrono Boost)  
  16  0:44  Probe (Chrono Boost)  
  16  0:46  Assimilator  
  17  0:52  Probe  
  17  0:56  Assimilator  
  19  1:04  Probe  
  19  1:16  Probe  
  20  1:20  Pylon  
  20  1:24  Cybernetics Core  
  20  1:28  Probe  
  20  1:29  Zealot  
  23  1:40  Probe  
  24  1:55  Probe  
  24  1:58  Adept (Chrono Boost)  
  24  2:01  Stargate  
  27  2:07  Probe  
  28  2:15  Pylon  
  27  2:28  Probe  
  30  2:35  Void Ray (Chrono Boost)  
  28  2:37  Warp Gate  
  32  2:56  Nexus  
  32  3:07  Probe  
  32  3:10  Phoenix (Chrono Boost)  
  35  3:19  Probe  
  36  3:21  Pylon  
  36  3:26  Phoenix (Chrono Boost)  
  38  3:34  Probe  
  39  3:46  Probe  
  40  3:50  Gateway  
  40  3:52  Gateway  
  40  4:00  Phoenix (Chrono Boost)  
  42  4:11  Probe  
  42  4:12  Probe  
  44  4:21  Phoenix (Chrono Boost)  
  44  4:23  Probe  
  47  4:25  Stalker  
  47  4:27  Probe  
  50  4:35  Probe  
  47  4:47  Stalker x2  
  47  4:48  Probe  
  47  4:49  Stalker  
  50  5:00  Phoenix (Chrono Boost)  
  50  5:06  Probe  
  51  5:08  Probe  
  51  5:11  Twilight Council  
  52  5:18  Probe  
  52  5:19  Phoenix  
  52  5:20  Probe  
  52  5:21  Zealot x2  
  60  5:26  Pylon  
  60  5:28  Zealot  
  62  5:35  Pylon  
  62  5:37  Assimilator  
  62  5:44  Probe x2  
  62  5:45  Pylon  
  62  5:46  Phoenix (Chrono Boost)  
  66  5:56  Probe x2  
  64  6:00  Charge (Chrono Boost)  
  64  6:08  Probe  
  65  6:12  Zealot  
  65  6:13  Zealot x2  
  71  6:19  Nexus  
  71  6:28  Probe  
  71  6:31  Robotics Facility  
  72  6:33  Probe  
  73  6:40  Probe  
  73  6:42  Pylon  
  73  6:43  Gateway x2  
  73  6:46  Zealot  
  76  6:50  Gateway  
  76  6:51  Probe  
  77  7:00  Zealot x2  
  77  7:15  Probe x2  
  79  7:16  Templar Archives  
  79  7:26  Zealot x3  
  84  7:33  Probe  
  85  7:37  Probe x2  
  87  7:46  Gateway x2  
  87  7:50  Probe x2  
  89  7:53  High Templar x2  
  93  7:58  Archon  
  93  8:03  Shield Battery  
  93  8:08  High Templar x2  
  93  8:09  Zealot x2  
  101  8:12  Pylon  
  101  8:13  Archon  
  101  8:14  Pylon  
  101  8:18  Warp Prism (Chrono Boost)  
  73  8:28  Zealot x2  
  73  8:32  Zealot x2  
  73  8:33  Probe x2  
  71  8:49  Zealot x6  
  71  8:51  Probe  
  71  8:52  Probe x2  
  84  9:00  High Templar x2  
  88  9:05  Archon  
  88  9:07  Zealot x2  
  78  9:17  Zealot x3  
  78  9:18  Zealot, Probe  
  78  9:19  Probe x2  
  83  9:25  Psionic Storm  
  83  9:29  Stalker x4  
  83  9:31  Probe x2  
  91  9:32  Assimilator  
  91  9:37  Forge  
  91  9:54  High Templar  
  91  9:55  Zealot x6  
  105  10:01  Protoss Ground Armor Level 1 (Chrono Boost)  
  105  10:03  Zealot  
  107  10:07  Pylon  
  107  10:08  Pylon  
  107  10:23  Photon Cannon  
  107  10:24  High Templar, Zealot  
  107  10:25  Zealot x5  
  121  10:29  Photon Cannon  
  121  10:32  Photon Cannon  
  121  10:39  Stalker  
  123  10:48  Stalker x4  
  131  10:57  Observer (Chrono Boost)  
  131  11:00  Zealot  
  132  11:09  Archon  
  100  11:13  Zealot x7  
  84  11:35  Zealot x5  
  84  11:36  Zealot x3  
Show
View Real Time Build Order
Export as new Build Order

TIME Terran - Winner!

Build Orders: Reaper Expand 

Get SALT Encoding   

  12  0:00  SCV  
  13  0:12  SCV  
  14  0:17  Supply Depot  
  14  0:24  SCV  
  15  0:38  SCV  
  15  0:39  Barracks  
  16  0:43  Refinery  
  16  0:50  SCV  
  17  1:03  SCV  
  18  1:15  SCV  
  19  1:27  Reaper, Orbital Command  
  20  1:45  Command Center  
  20  1:51  Supply Depot  
  20  1:53  SCV  
  21  1:59  Marine  
  22  2:07  SCV, Factory  
  23  2:14  Refinery  
  23  2:16  Bunker  
  23  2:17  Marine  
  23  2:19  SCV  
  25  2:31  SCV  
  25  2:34  Marine, Bunker  
  27  2:39  Supply Depot  
  27  2:44  SCV  
  28  2:51  Factory Tech Lab  
  28  2:52  Marine  
  30  3:10  Cyclone, Command Center  
  32  3:15  Mag-Field Accelerator  
  32  3:17  Marine  
  33  3:23  Supply Depot  
  33  3:31  Starport  
  33  3:36  SCV  
  33  3:40  Barracks Reactor  
  33  3:48  SCV  
  33  3:50  Cyclone  
  36  4:00  SCV  
  36  4:05  Barracks  
  36  4:09  Viking  
  38  4:12  SCV  
  39  4:17  Marine x2  
  39  4:23  Cyclone  
  44  4:26  SCV  
  45  4:35  Marine x2  
  45  4:38  SCV  
  48  4:51  Viking  
  45  4:53  Marine x2  
  45  4:57  Orbital Command  
  45  4:58  SCV  
  45  5:00  Cyclone  
  47  5:08  Barracks Tech Lab  
  47  5:10  SCV  
  47  5:11  Marine x2  
  47  5:13  Bunker  
  49  5:21  Viking  
  49  5:22  SCV  
  49  5:25  SCV  
  49  5:26  Bunker  
  49  5:27  Marine  
  54  5:31  Stimpack  
  54  5:33  Marine  
  55  5:36  SCV  
  55  5:38  SCV  
  55  5:40  Supply Depot  
  57  5:43  Engineering Bay  
  57  5:45  Marine  
  57  5:48  SCV  
  58  5:50  SCV  
  58  5:54  Siege Tank  
  58  5:55  Marine  
  62  6:01  Marine  
  62  6:02  SCV  
  62  6:03  SCV  
  65  6:05  Refinery  
  65  6:12  Barracks  
  65  6:13  Supply Depot  
  65  6:15  Terran Infantry Weapons Level 1  
  65  6:16  Marine  
  65  6:17  SCV  
  67  6:20  SCV  
  67  6:24  Supply Depot  
  68  6:27  Starport Reactor  
  68  6:29  Marine x2  
  70  6:34  SCV x2  
  70  6:38  Supply Depot  
  70  6:39  Factory Reactor  
  71  6:40  Marine  
  71  6:44  Missile Turret  
  71  6:46  SCV  
  73  6:49  Marine  
  73  6:50  Marauder  
  73  6:51  SCV  
  77  6:58  SCV  
  78  7:03  SCV  
  78  7:05  Marine  
  78  7:07  Marine  
  81  7:09  Refinery  
  81  7:10  Supply Depot, SCV  
  81  7:12  Combat Shield, Marauder x2  
  85  7:16  Widow Mine x2  
  85  7:20  Supply Depot  
  85  7:22  Medivac  
  91  7:25  Medivac  
  91  7:29  Marine  
  94  7:31  Marine  
  94  7:33  Concussive Shells  
  94  7:37  Marauder x2  
  97  7:39  Widow Mine x2  
  101  7:48  Marine  
  102  7:53  Command Center  
  102  7:54  Medivac  
  104  8:01  SCV  
  104  8:02  SCV  
  104  8:05  Marauder  
  108  8:06  Marine x2, Supply Depot x2  
  110  8:16  Widow Mine  
  110  8:17  Medivac  
  110  8:19  Widow Mine  
  107  8:21  Marine  
  107  8:24  Marine  
  107  8:25  Marine, Marauder  
  97  8:29  Medivac  
  97  8:31  SCV x2  
  97  8:32  Terran Infantry Armor Level 1  
  101  8:40  Widow Mine  
  94  8:49  Marine  
  94  8:50  Marine, Marauder  
  94  8:53  Widow Mine  
  94  8:54  SCV, Barracks, Armory  
  94  8:55  Barracks, Engineering Bay  
  99  8:59  Marauder  
  99  9:02  SCV  
  102  9:05  Widow Mine  
  102  9:06  Medivac  
  105  9:16  Marine x2, Orbital Command  
  95  9:17  Marauder  
  95  9:18  Widow Mine  
  94  9:24  Marine  
  94  9:29  Liberator  
  94  9:30  SCV, Widow Mine  
  99  9:34  Marine x2  
  99  9:37  SCV  
  99  9:38  Marauder  
  104  9:40  Missile Turret  
  104  9:41  Widow Mine, Liberator  
  104  9:42  SCV  
  104  9:45  Barracks Reactor, Barracks Tech Lab  
  110  9:46  SCV  
  110  9:49  SCV  
  112  9:54  Marine, SCV  
  112  9:58  SCV, Terran Infantry Weapons Level 2  
  112  9:59  Refinery x2  
  115  10:00  Marauder  
  115  10:02  SCV, Marauder  
  115  10:03  Marine  
  115  10:07  SCV  
  122  10:08  Supply Depot  
  122  10:10  SCV  
  122  10:14  Marine, Marauder  
  122  10:16  Widow Mine x2  
  122  10:19  SCV  
  122  10:21  Marine  
  123  10:24  Marine, Marauder  
  126  10:28  Marine x2  
  126  10:33  Supply Depot  
  126  10:34  Supply Depot  
  128  10:36  Marauder  
  128  10:37  Medivac x2  
  128  10:38  Marine x2  
  136  10:44  SCV  
  136  10:48  Marine x2, Marauder  
  136  10:49  Widow Mine x2  
  145  10:51  SCV  
  144  11:01  Marine, Marauder  
  137  11:14  Marine, Marauder  
  137  11:15  Marine x2  
  137  11:16  Marauder  
  138  11:19  Marine  
  138  11:22  Marine  
  136  11:30  Widow Mine  
  136  11:31  Marine, Widow Mine  
  139  11:33  Marine  
  139  11:34  Medivac x2  
  139  11:39  Marine, Marauder  

Tags
 
Add a new tag
Caveats
  • Supply blocks, unpowered buildings, or Contaminate may cause inaccurate times.
  • Supply counts are checked every 10 seconds.